AoeStats
← the.emptydeere

Arabia

510914086Analyzed
1v1 RM · 10h ago on Oct 3, 2026· 46m 51s· 2 players
Game mode
Random Map
Map size
Tiny (2 player)
Population
200
Speed
Normal
Resources
Standard
Victory
Conquest
Starting age
Dark Age
Ending age
Imperial Age
RankedLock teamsTeams togetherTeam positionsShared explorationLock speedFull tech treeHidden civsTurbo modeCheats
Victory
Defeat
🇺🇸 Turks · United States
849
+15
🇨🇴 Khitans · Colombia
831
-15
PowerfulFoot395
7:51 Loom
10:19 Feudal Age
29:43 Castle Age
32:26 Husbandry
the.emptydeere
11:06 Feudal Age
11:13 Man-at-Arms
16:07 Loom
17:38 Double-Bit Axe
17:47 Horse Collar
19:20 Arson
19:56 Forging
23:57 Castle Age
24:02 Scale Barding Armor
23:49 Fletching
23:58 Gold Mining
24:11 Long Swordsman
25:21 Scale Mail Armor
26:26 Bloodlines
29:04 Chain Barding Armor
32:24 Town Watch
32:39 Bodkin Arrow
33:04 Chain Mail Armor
37:53 Wheelbarrow
37:33 Bow Saw
Connection lost

Rejoining the realm…

Still unreachable

The connection could not be restored.

Session expired

The server has moved on; the page needs a fresh start.